 Dungeon Crawl Stone Soup version 0.29.1-13-g9f3cf754e1 (webtiles) character file.

Game seed: 1571938862770789114

1950 buriedalive the Destroyer (level 8, 0/37 (41) HPs)
             Began as a Deep Elf Conjurer on Feb 1, 2023.
             Slain by a wight
             ... wielding a +4 flail
              (5 damage)
             ... on level 7 of the Dungeon.
             The game lasted 00:14:56 (8152 turns).

buriedalive the Destroyer (Deep Elf Conjurer)       Turns: 8152, Time: 00:14:57

HP:   0/37 (41)     AC:  4    Str: 10    XL:     8   Next: 99%
MP:   11/19         EV: 16    Int: 26    God:
Gold: 350           SH:  0    Dex: 13    Spells: 12/19 levels left

rFire   + . .      SeeInvis .   p - +3 rapier (elec)
rCold   + . .      Faith    .   (no shield)
rNeg    . . .      Spirit   .   a - +1 robe
rPois   .          Reflect  .   (no helmet)
rElec   .          Harm     .   m - scarf {rC+ rF+}
rCorr   .          Rampage  .   (no gloves)
Will    .....      Rage     3%  (no boots)
Stlth   ++........              h - amulet of regeneration
HPRegen 0.92/turn               e - +6 ring of strength
MPRegen 0.16/turn               (no ring)

@: drained
A: iridescent scales 1, berserk 1, deformed body
a: no special abilities


You were on level 7 of the Dungeon.
You visited 1 branch of the dungeon, and saw 7 of its levels.

You collected 350 gold pieces.

Inventory:

Hand Weapons
 d - a +1 dagger
 p - a +3 rapier of electrocution (weapon)
Missiles
 c - 73 stones
 v - 2 throwing nets
Armour
 a - a +1 robe (worn)
 m - a scarf of resistance (worn)
Jewellery
 e - a +6 ring of strength (left hand)
 h - an amulet of regeneration (around neck)
 A - a ring of flight
Wands
 f - a wand of flame (26)
 j - a wand of paralysis (11)
 r - a wand of roots (11)
 t - a wand of polymorph (9)
Scrolls
 l - a scroll of immolation
 q - a scroll of blinking
Potions
 b - a potion of magic
 g - 2 potions of flight
 i - 2 potions of heal wounds
 k - 2 potions of might
 n - a potion of cancellation {unknown}
 o - 2 potions of lignification {unknown}
 s - a potion of degeneration {unknown}
 z - 5 potions of curing


   Skills:
 + Level 9.5 Dodging
 - Level 2.4 Stealth
 - Level 6.0 Spellcasting
 + Level 9.7 Conjurations


You had 12 spell levels left.
You knew the following spells:

 Your Spells              Type           Power      Damage    Failure   Level
a - Magic Dart            Conj           100%       1d8       1%          1
b - Searing Ray           Conj           100%       2d8       1%          2
c - Fulminant Prism       Conj/Hex       16%        3d11      10%         4

Your spell library contained the following spells:

 Spells                   Type           Power      Damage    Failure   Level
 Dazzling Flash           Conj/Hex       66%        N/A       2%          3
 Mephitic Cloud           Conj/Pois/Air  24%        N/A       5%          3
 Iskenderun's Mystic Bla  Conj/Tloc      33%        2d8       10%         4
 Ignite Poison            Fire/Tmut/Pois 7%         N/A       21%         3
 Freezing Cloud           Conj/Ice/Air   12%        6-21      45%         5
 Alistair's Intoxication  Tmut/Pois      4%         N/A       88%         5
 Borgnjor's Vile Clutch   Necr/Erth      3%         N/A       88%         5
 Eringya's Noxious Bog    Tmut/Pois      3%         N/A       100%        6


Dungeon Overview and Level Annotations

Branches:
Dungeon (7/15)
 Temple: D:4-7

Altars:
Kikubaaqudgha
Qazlal
Uskayaw

Annotations:
D:6 exclusion: oklob plant


Innate Abilities, Weirdness & Mutations

You are partially covered in iridescent scales. (AC +2)
You sometimes lose your temper in combat.
Armour fits poorly on your strangely shaped body.


Message History

h - an amulet of regeneration (around neck)
You now have 342 gold pieces (gained 16).
c - 73 stones (gained 5)
There is a stone staircase leading up here.
Found a stone staircase leading down.
You now have 350 gold pieces (gained 8).
s - a lumpy brown potion
Found a robe.
A wight comes into view. It is wielding a +4 flail.
Found a worn bronze wand.
Casting: Searing Ray (safe; 1% risk of failure)
Confirm with . or Enter, or press ? or * to list all spells.
Aiming: Searing Ray (safe; 1% risk of failure)
Press: ? - help, Shift-Dir - straight line, f - wight
Aim: a wight, wielding a +4 flail and wearing a +0 robe (83% to hit)
The searing ray hits the wight.
The wight is moderately damaged. (Press . to maintain the ray.)
The searing ray hits the wight.
The wight is heavily damaged.
The searing ray misses the wight.
The searing ray hits the wight.
The wight is almost destroyed.
You finish channelling your searing ray.
The wight barely misses you. The wight hits you with a +4 flail.
Casting: Searing Ray (safe; 1% risk of failure)
Confirm with . or Enter, or press ? or * to list all spells.
Aiming: Searing Ray (safe; 1% risk of failure)
Press: ? - help, Shift-Dir - straight line, f/p - wight
Aim: a wight, wielding a +4 flail and wearing a +0 robe (almost destroyed, 83% to hit)
The searing ray hits the wight but does no damage.
The wight is almost destroyed. (Press . to maintain the ray.)
The wight hits you with a +4 flail.
You feel drained.
The searing ray misses the wight.
The wight hits you with a +4 flail!
The searing ray misses the wight.
The wight hits you with a +4 flail!
* * * LOW HITPOINT WARNING * * *
You feel drained.
You die...

.# .# .### . ...# ..
.#.## ... ....# ....
###.#### ..[..
#....#### #####......
##......# #..@z...../
##...#># ##.####.....
###.#.###..# ...
#....##.#####. #
##............# ####
##.......##### ...###
####.#...###
.....#######...#...##
##.......#.....###..##


You could see a wight.

Vanquished Creatures
  Menkaure (D:4)
  An orc warrior (D:7)
  A black bear (D:6)
  A sky beast (D:6)
  2 ogres (D:5)
  2 phantoms
  A necrophage (D:7)
  2 bullfrogs
  3 scorpions
  Crazy Yiuf (D:6)
  7 jellies
  An orc priest (D:4)
  6 hounds
  Ijyb (D:3)
  2 iguanas (D:5)
  2 orc wizards
  4 gnolls (D:4)
  5 adders
  3 white imps
  An ufetubus (D:6)
  4 worms
  3 dart slugs
  30 orcs
  18 endoplasms
  3 giant cockroaches (D:2)
  6 goblins
  6 hobgoblins
  6 jackals
  7 quokkas
  6 ball pythons
  4 bats
  A frilled lizard (D:1)
  13 kobolds
  5 rats
159 creatures vanquished.

Vanquished Creatures (others)
  9 fungi (D:6)
9 creatures vanquished.

Grand Total: 168 creatures vanquished

Notes
Turn   | Place    | Note
-------+----------+-------------------------------------------
     0 | D:1      | buriedalive the Deep Elf Conjurer began the quest for the
                  | Orb.
     0 | D:1      | Reached XP level 1. HP: 10/10 MP: 6/6
   180 | D:1      | Reached XP level 2. HP: 15/15 MP: 4/8
   228 | D:1      | Learned a level 2 spell: Searing Ray
   561 | D:1      | Reached XP level 3. HP: 18/19 MP: 6/10
   606 | D:1      | Found a faded altar of an unknown god.
  1596 | D:2      | Reached skill level 5 in Conjurations
  1963 | D:3      | Reached XP level 4. HP: 24/24 MP: 3/12
  2080 | D:3      | Noticed Ijyb
  2089 | D:3      | Killed Ijyb
  2413 | D:3      | Learned a level 4 spell: Fulminant Prism
  2608 | D:3      | Found a stormy altar of Qazlal.
  3150 | D:4      | Reached XP level 5. HP: 28/28 MP: 11/14
  3296 | D:4      | Reached skill level 5 in Spellcasting
  3644 | D:4      | Reached XP level 6. HP: 32/32 MP: 10/16
  3792 | D:4      | Noticed Menkaure
  4013 | D:4      | Gained mutation: You have a pair of small horns on your
                  | head. [potion of mutation]
  4013 | D:4      | Gained mutation: You are weak. (Str -2) [potion of
                  | mutation]
  4014 | D:4      | Lost mutation: You have a pair of small horns on your head.
                  | [potion of mutation]
  4014 | D:4      | Lost mutation: You are weak. (Str -2) [potion of mutation]
  4014 | D:4      | Gained mutation: You are partially covered in iridescent
                  | scales. (AC +2) [potion of mutation]
  4014 | D:4      | Gained mutation: Armour fits poorly on your strangely
                  | shaped body. [potion of mutation]
  4014 | D:4      | Gained mutation: You sometimes lose your temper in combat.
                  | [potion of mutation]
  4039 | D:4      | Reached skill level 5 in Dodging
  4327 | D:4      | Killed Menkaure
  4328 | D:4      | Reached XP level 7. HP: 28/36 MP: 8/18
  4631 | D:5      | Entered Level 5 of the Dungeon
  5530 | D:5      | Reached XP level 8. HP: 41/41 MP: 14/19
  5891 | D:6      | Noticed an oklob plant
  6196 | D:6      | Found a runed translucent door.
  6197 | D:6      | Noticed Crazy Yiuf
  6202 | D:6      | Killed Crazy Yiuf
  7206 | D:6      | Found a hide-covered altar of Uskayaw.
  7284 | D:6      | Found an ancient bone altar of Kikubaaqudgha.
  8152 | D:7      | Slain by a wight

Illustrated notes

Levels and vault maps discovered:
D:1:      dpeg_arrival_shrine, layout_rooms,
          shapermc_ecumenical_altar_mp_highgroup
D:2:      layout_basic
D:3:      layout_basic, nicolae_overflow_crystal_walls, uniq_ijyb
D:4:      wad_crossroads, layout_cave_pools, uniq_menkaure
D:5:      layout_gridville
D:6:      lemuel_slime, layout_cave_pools, nicolae_overflow_squiral,
          serial_rivers, chequers_serial_rivers_large_b,
          chequers_serial_rivers_micro_c, chequers_serial_rivers_large_a,
          chequers_serial_rivers_micro_c, chequers_serial_rivers_micro_e,
          enter_ossuary_3, uniq_crazy_yiuf_cottage
D:7:      layout_rooms, dk_yredelemnul_ordeal, minmay_temple_entry_large_hall,
          uniq_duvessa, uniq_maggie, uniq_pikel

Skill      XL: |  1  2  3  4  5  6  7  8 |
---------------+-------------------------+-----
Dodging        | 3 4 5 7 9 |  9.5
Spellcasting   | 4 5 6 |  6.0
Conjurations   | 5 6 7 9 |  9.7
Stealth        | |  2.4

Action                   |  1- 3 |  4- 6 |  7- 9 || total
-------------------------+-------+-------+-------++-------
Melee: Dagger            |       |     5 |    12 ||    17
       Rapier            |       |       |     3 ||     3
 Cast: Magic Dart        |    60 |    41 |    38 ||   139
       Searing Ray       |    10 |    36 |    48 ||    94
  Use: Scroll            |       |     5 |    14 ||    19
       Potion            |       |     2 |     1 ||     3
Armor: Robe              |     1 |     4 |     4 ||     9
Dodge: Dodged            |     6 |    24 |    58 ||    88
